 Dungeon Crawl Stone Soup version 0.23-a0-208-gb6b040f31c (webtiles) character file.

2478 PikkenKukken the Ruffian (level 9, -5/78 HPs)
             Began as a Ghoul Abyssal Knight on Sept 25, 2018.
             Was an Elder of Lugonu.
             Slain by an unseen horror (6 damage)
             ... on level 7 of the Dungeon.
             The game lasted 00:14:59 (6637 turns).

PikkenKukken the Ruffian (Ghoul Abyssal Knight)     Turns: 6637, Time: 00:14:59

Health: -5/78      AC: 11    Str: 18    XL:     9   Next: 51%
Magic:  12/12      EV:  8    Int:  7    God:    Lugonu [****..]
Gold:   439        SH:  0    Dex:  9    Spells: 8/8 levels left

rFire    . . .     SeeInvis .     - Unarmed
rCold    + . .     Gourm    .   (no shield)
rNeg     + + +     Faith    .   e - +0 chain mail
rPois    ∞         Spirit   .   h - +1 helmet
rElec    .         Reflect  .   (no cloak)
rCorr    .         Harm     .   (no gloves)
MR       .....                  (no boots)
Stlth    ..........             (no amulet)
HPRegen  0.00/turn              i - ring of positive energy
MPRegen  0.13/turn              (no ring)

@: rotting
A: rotting body, claws 1, carnivore, cold resistance 1, negative energy
resistance 3, inhibited regeneration, torment resistance, unbreathing
a: Depart the Abyss, Bend Space, Banish, Corrupt, Renounce Religion


You were on level 7 of the Dungeon.
You worshipped Lugonu.
Lugonu was greatly pleased with you.
You were not hungry.

You visited 1 branch of the dungeon, and saw 7 of its levels.
You visited the Abyss 1 time.

You collected 439 gold pieces.

Inventory:

Armour
 e - a +0 chain mail (worn)
 h - a +1 helmet (worn)
Jewellery
 i - a ring of positive energy (left claw)
Wands
 c - a wand of scattershot (4)
 j - a wand of enslavement (27)
 t - a wand of disintegration (9)
 u - a wand of random effects (24)
 v - a wand of flame (33)
 x - a wand of digging (15)
 y - a wand of iceblast (4)
Scrolls
 a - a scroll of immolation
 l - a scroll of enchant weapon
 m - 2 scrolls of amnesia
 p - a scroll of remove curse
 q - 3 scrolls of teleportation
 r - a scroll of blinking
 z - 2 scrolls of vulnerability
Potions
 d - 3 potions of lignification
 f - 2 potions of brilliance
 g - 2 potions of invisibility
 k - a potion of magic
 n - a potion of resistance {unknown}
 o - 2 potions of curing
 s - 2 potions of heal wounds
 A - a potion of agility {unknown}
 B - a potion of might {unknown}
Comestibles
 b - 12 rations
 w - 3 chunks of flesh


   Skills:
 + Level 6.4 Fighting
 + Level 4.6 Armour
 + Level 4.3 Dodging
 * Level 7.7 Unarmed Combat
 + Level 5.6 Invocations
 + Level 3.3 Evocations


You had 8 spell levels left.
You didn't know any spells.
Your spell library contained the following spells:

 Spells                   Type           Power        Failure   Level  Hunger
 Shock                    Conj/Air       #...         99%         1    ##.....
 Summon Small Mammal      Summ           #...         99%         1    ##.....
 Call Imp                 Summ           #.......     100%        2    ###....
 Swiftness                Chrm/Air       #.......     100%        2    ###....
 Call Canine Familiar     Summ           #.......     100%        3    ####...
 Static Discharge         Conj/Air       #.......     100%        3    ####...
 Summon Guardian Golem    Hex/Summ       #.......     100%        3    ####...
 Airstrike                Air            #.........   100%        4    #####..
 Summon Ice Beast         Ice/Summ       #.......     100%        4    #####..
 Summon Lightning Spire   Summ/Air       #.......     100%        4    #####..
 Lightning Bolt           Conj/Air       #.........   100%        5    ######.


Dungeon Overview and Level Annotations

Branches:
Dungeon (7/15)             Temple (0/1) D:6

Altars:
Cheibriados
Qazlal
Trog
Yredelemnul
Zin

Shops:
D:4 :


Innate Abilities, Weirdness & Mutations

Your body is rotting away.
You thrive on raw meat.
You are immune to poison.
You have sharp fingernails.
You are carnivorous and can eat meat at any time.
Your flesh is cold resistant. (rC+)
You are immune to negative energy. (rN+++)
You do not regenerate when monsters are visible.
You are immune to unholy pain and torment.
You can survive without breathing.


Message History

* * * LOW HITPOINT WARNING * * *
Something hits you but does no damage.
You scratch something. Something hits you.
* * * LOW HITPOINT WARNING * * *
You scratch something. Something hits you but does no damage.
You barely miss something. Your claw misses something.
Something hits you but does no damage. Something hits you but does no damage.
Something hits you but does no damage. Something completely misses you.
You scratch something. Something hits you.
* * * LOW HITPOINT WARNING * * *
Something hits you but does no damage. x2
You scratch something. Something hits you.
* * * LOW HITPOINT WARNING * * *
You closely miss something. Something hits you but does no damage.
Something hits you!
* * * LOW HITPOINT WARNING * * *
Something hits you but does no damage. Something hits you but does no damage.
Something hits you.
You die...

##### #.... ###### #.... #....#
#....
################....########....
...............@................
###########################.....
#..... #..... #..... #.....
#..... ##### #..... #...# #.####


There were no monsters in sight!

Vanquished Creatures
  Grinder (D:5)
  A hippogriff (D:7)
  Sigmund (D:5)
  Eustachio (D:5)
  An ice beast (D:7)
  A black bear (D:7)
  5 ogres
  A centaur (D:5)
  A bullfrog (D:6)
  3 scorpions
  3 crimson imps
  A jelly (D:6)
  4 hounds
  A bullfrog skeleton (D:6)
  Ijyb (D:3)
  4 iguanas
  An orc wizard (D:4)
  Natasha (thrice) (D:3)
  5 worker ants
  Terence (D:2)
  A worker ant zombie (D:5)
  8 adders
  3 gnolls (D:7)
  2 shadow imps (D:5)
  An adder skeleton (D:3)
  2 adder zombies
  2 worms
  12 dart slugs
  5 leopard geckos
  5 orcs
  12 bats
  6 giant cockroaches
  2 gnoll zombies (D:3)
  17 goblins
  6 hobgoblins
  13 jackals
  2 quokkas
  2 ball pythons (D:2)
  11 frilled lizards
  4 kobolds
  7 rats
  A fungus (D:2)
164 creatures vanquished.

Notes
Turn   | Place    | Note
-------+----------+-------------------------------------------
     0 | Abyss:1  | PikkenKukken the Ghoul Abyssal Knight began the quest for
                  | the Orb.
     0 | Abyss:1  | Reached XP level 1. HP: 19/19 MP: 1/1
    62 | Abyss:1  | Noticed a small abomination
    63 | D:1      | Escaped the Abyss
   216 | D:1      | Reached skill level 1 in Dodging
   224 | D:1      | Reached XP level 2. HP: 19/25 MP: 2/2
   311 | D:1      | Reached * piety under Lugonu
   659 | D:1      | Reached XP level 3. HP: 29/31 MP: 3/3
  1442 | D:2      | Reached skill level 3 in Unarmed Combat
  1555 | D:2      | Found a bloodstained altar of Trog.
  1564 | D:2      | Noticed Terence
  1571 | D:2      | Reached ** piety under Lugonu
  1580 | D:2      | Reached XP level 4. HP: 25/40 MP: 4/4
  1601 | D:2      | Killed Terence
  2395 | D:3      | Noticed Ijyb
  2408 | D:3      | Reached XP level 5. HP: 45/46 MP: 6/6
  2446 | D:3      | Killed Ijyb
  2688 | D:3      | Found a snail-covered altar of Cheibriados.
  2688 | D:3      | Found a stormy altar of Qazlal.
  2968 | D:3      | Found a basalt altar of Yredelemnul.
  3055 | D:3      | Noticed Natasha
  3066 | D:3      | Killed Natasha
  3066 | D:3      | Reached skill level 4 in Unarmed Combat
  3200 | D:3      | Noticed Natasha
  3207 | D:3      | Killed Natasha
  3207 | D:3      | Reached XP level 6. HP: 43/52 MP: 7/7
  3254 | D:3      | Noticed Natasha
  3261 | D:3      | Killed Natasha
  3274 | D:4      | Found Heqaulyp's Book Boutique.
  3495 | D:4      | Reached *** piety under Lugonu
  3967 | D:4      | Found a glowing silver altar of Zin.
  3994 | D:5      | Entered Level 5 of the Dungeon
  4012 | D:5      | Noticed Grinder
  4015 | D:5      | Noticed Sigmund
  4022 | D:5      | Paralysed by Grinder for 4 turns
  4036 | D:5      | Killed Grinder
  4036 | D:5      | Reached skill level 5 in Unarmed Combat
  4036 | D:5      | Reached XP level 7. HP: 31/60 MP: 7/9
  4038 | D:5      | Reached skill level 1 in Evocations
  4041 | D:5      | Killed Sigmund
  4041 | D:5      | Reached skill level 5 in Fighting
  4041 | D:5      | Reached XP level 8. HP: 17/68 MP: 7/10
  4514 | D:5      | Reached skill level 6 in Unarmed Combat
  4826 | D:5      | Noticed Eustachio
  4851 | D:5      | Killed Eustachio
  5063 | D:6      | Reached skill level 5 in Invocations
  5215 | D:6      | Found a staircase to the Ecumenical Temple.
  5299 | D:6      | Reached **** piety under Lugonu
  5455 | D:6      | Reached XP level 9. HP: 74/75 MP: 11/11
  5570 | D:6      | Reached skill level 7 in Unarmed Combat
  6635 | D:7      | HP: 1/78 [something (8)]
  6637 | D:7      | Slain by an unseen horror

Vault maps used:
D:1:      dpeg_arrival_signposts
D:2:      first_ration, minmay_misc_feat_doors, moated_statue,
          minmay_gold_behind_fungi, st_stairs_8, trog_three_pillars_becter,
          uniq_terence
D:3:      kennysheep_the_goblin_king, gammafunk_temple_overflow_pools,
          lemuel_zombie_altar_yredelemnul, uniq_natasha
D:4:      kennysheep_slugbush, zin_statuary, serial_shops, shop,
          minmay_quantized
D:5:      uniq_grinder, uniq_sigmund, uniq_ijyb, uniq_eustachio
D:6:      minmay_temple_entry_statues

Skill      XL: |  1  2  3  4  5  6  7  8  9 |
---------------+----------------------------+-----
Dodging        | 1 2 3 4 |  4.3
Armour         | 2 3 4 |  4.6
Unarmed Combat | 3 4 5 6 7 |  7.7
Fighting       | 4 5 6 |  6.4
Invocations    | 3 4 5 |  5.6
Evocations     | 1 2 3 |  3.3

Action                   |  1- 3 |  4- 6 |  7- 9 || total
-------------------------+-------+-------+-------++-------
Melee: Unarmed           |   141 |   320 |   286 ||   747
       Punch             |     1 |     1 |     2 ||     4
Invok: Depart the Abyss  |     1 |       |       ||     1
       Bend Space        |       |     1 |       ||     1
Evoke: Wand              |       |       |     3 ||     3
  Use: Scroll            |     4 |     3 |     9 ||    16
       Potion            |       |     1 |       ||     1
  Eat: Chunk             |    29 |    39 |    32 ||   100
Armor: Leather armour    |    35 |    11 |       ||    46
       Chain mail        |       |   149 |   197 ||   346
Dodge: Dodged            |    95 |   100 |    89 ||   284

Table legend:
 A = Non-vault XP
 B = Vault XP
 C = Vault XP percentage of total XP
 D = Non-vault monster count
 E = Vault monster count
 F = Vault count percentage of total count
                 A         B        C        D         E       F
            +---------+---------+-------+---------+---------+-------
      Total |    2583 |     957 |  27.0 |     134 |      29 |  17.8
            +---------+---------+-------+---------+---------+-------
        D:1 |      57 |       0 |   0.0 |      33 |       0 |   0.0
        D:2 |      75 |      32 |  29.9 |      33 |       2 |   5.7
        D:3 |     110 |      89 |  44.7 |      17 |      10 |  37.0
        D:4 |      92 |     156 |  62.9 |      10 |      14 |  58.3
        D:5 |     523 |     680 |  56.5 |      12 |       3 |  20.0
        D:6 |     857 |       0 |   0.0 |      16 |       0 |   0.0
        D:7 |     869 |       0 |   0.0 |      13 |       0 |   0.0
            +---------+---------+-------+---------+---------+-------
